 Dungeon Crawl Stone Soup version 0.28.0-53-g5a82cb258f (webtiles) character file.

Game seed: 16335088112156295803

27758 Peloso the Fencer (level 13, -1/118 HPs)
             Began as a Minotaur Fighter on July 2, 2022.
             Was a High Priest of Okawaru.
             Slain by Rupert
             ... wielding a +2 great sword of freezing
              (14 damage)
             ... on level 12 of the Dungeon.
             The game lasted 00:30:41 (12317 turns).

Peloso the Fencer (Minotaur Fighter)               Turns: 12317, Time: 00:30:41

Health: -1/118     AC: 31    Str: 33    XL:     13   Next: 6%
Magic:  12/13      EV: 11    Int:  5    God:    Okawaru [*****.]
Gold:   776        SH: 10    Dex: 11    Spells: 12/12 levels left

rFire   . . .      SeeInvis .   a - +2 long sword (holy)
rCold   . . .      Faith    .   e - +2 buckler
rNeg    . . .      Spirit   .   H - +9 plate armour of the Leaf {Str+2}
rPois   .          Reflect  .   I - +0 hat {Will+}
rElec   .          Harm     .   f - +2 cloak
rCorr   .          Rampage  .   (no gloves)
Will    +....                   (no boots)
Stlth   ..........              i - amulet of regeneration
HPRegen 1.09/turn               g - +6 ring of strength
MPRegen 0.13/turn               s - +4 ring of slaying

@: heroic
A: horns 2, retaliatory headbutt
a: Renounce Religion, Heroism, Finesse, Duel


You were on level 12 of the Dungeon.
You worshipped Okawaru.
Okawaru was extremely pleased with you.
You visited 3 branches of the dungeon, and saw 16 of its levels.
You also visited: Bailey.

You collected 906 gold pieces.
You spent 130 gold pieces at shops.

Inventory:

Hand Weapons
 a - a +2 long sword of holy wrath (weapon)
 b - a +0 scimitar of flaming
 S - the +1 demon blade "Ixkeunwa" {flame, Drain Will++ MP-9 Int+9}
   (Okawaru gifted it to you on level 11 of the Dungeon)

   It burns those it strikes, dealing additional fire damage.
   Big, fiery blades are also staple armaments of hydra-hunters.
   Int:       It affects your intelligence (+9).
   MP:        It affects your magic capacity (-9).
   Drain:     It drains your maximum health when unequipped.
   Will:      It greatly increases your willpower.
Missiles
 E - a throwing net (quivered)
Armour
 c - a +0 buckler
 e - a +2 buckler (worn)
 f - a +2 cloak (worn)
 v - +0 swamp dragon scales
 y - the +2 chain mail of Midwinter {Dex+3}
   (You found it on level 5 of the Dungeon)

   Dex:       It affects your dexterity (+3).
 H - the +9 plate armour of the Leaf (worn) {Str+2}
   (You found it on level 8 of the Dungeon)

   Str:       It affects your strength (+2).
 I - a +0 hat of willpower (worn)
Jewellery
 g - a +6 ring of strength (left hand)
 i - an amulet of regeneration (around neck)
 k - a +4 ring of protection
 l - a ring of fire
 n - an amulet of reflection
 q - a +4 ring of evasion
 s - a +4 ring of slaying (right hand)
 z - a ring of positive energy
 J - a ring of fire
 U - a +6 ring of strength
 V - a ring of resist corrosion
Wands
 r - a wand of polymorph (2)
 A - a wand of flame (1)
 L - a wand of acid (4)
Scrolls
 p - 2 scrolls of blinking
 t - 2 scrolls of fear
 w - a scroll of magic mapping
 F - a scroll of summoning
 G - a scroll of holy word
 K - 4 scrolls of teleportation
 M - 2 scrolls of enchant armour
 O - a scroll of brand weapon
 Q - 3 scrolls of identify
 R - a scroll of amnesia
Potions
 d - 3 potions of might
 h - 2 potions of cancellation
 j - 2 potions of curing
 m - a potion of resistance
 o - 2 potions of berserk rage
 u - a potion of brilliance
 B - 5 potions of flight
 C - 4 potions of magic
 D - a potion of ambrosia
 N - 2 potions of haste
 P - a potion of invisibility
 T - a potion of heal wounds
Miscellaneous
 x - a piece from Xom's chessboard (15/15)
 W - a phial of floods


   Skills:
 + Level 12.1(17.1) Fighting
 + Level 15.7(20.7) Long Blades
 + Level 13.4(18.4) Armour
 + Level 2.8(7.8) Dodging
 + Level 2.3(7.3) Stealth
 + Level 11.5(16.5) Shields
 + Level 2.2 Invocations
 + Level 2.4 Evocations


You had 12 spell levels left.
You didn't know any spells.
Your spell library contained the following spells:

 Spells                   Type           Power      Damage    Failure   Level
 Apportation              Tloc           0%         N/A       93%         1
 Magic Dart               Conj           0%         1d3       93%         1
 Sandblast                Erth           0%         2d4       93%         1
 Corpse Rot               Necr/Air       0%         N/A       98%         2
 Ensorcelled Hibernation  Hex/Ice        0%         N/A       98%         2
 Passwall                 Tmut/Erth      0%         N/A       98%         2
 Searing Ray              Conj           0%         2d4       98%         2
 Conjure Flame            Conj/Fire      0%         6-21      100%        3
 Frozen Ramparts          Ice            0%         1d2       100%        3
 Gell's Gravitas          Tloc           0%         N/A       100%        3
 Ignite Poison            Fire/Tmut/Pois 0%         N/A       100%        3
 Ozocubu's Armour         Ice            0%         N/A       100%        3
 Stone Arrow              Conj/Erth      0%         3d7       100%        3
 Swiftness                Air            0%         N/A       100%        3
 Teleport Other           Tloc           0%         N/A       100%        3
 Dispel Undead            Necr           0%         3d6       100%        4
 Fulminant Prism          Conj/Hex       0%         3d6       100%        4
 Ice Form                 Ice/Tmut       0%         N/A       100%        4
 Leda's Liquefaction      Hex/Erth       0%         N/A       100%        4
 Sticky Flame             Conj/Fire      0%         2d3       100%        4
 Lee's Rapid Deconstruct  Erth           0%         3d5*      100%        5
 Metabolic Englaciation   Hex/Ice        0%         N/A       100%        5
 Dispersal                Tloc           0%         N/A       100%        6
 Statue Form              Tmut/Erth      0%         N/A       100%        6
 Disjunction              Tloc           0%         N/A       100%        8
 Animate Skeleton         Necr           Unusable   N/A       N/A         1
 Summon Small Mammal      Summ           Unusable   N/A       N/A         1
 Summon Ice Beast         Ice/Summ       Unusable   N/A       N/A         4
 Death Channel            Necr           Unusable   N/A       N/A         6
 Simulacrum               Ice/Necr       Unusable   N/A       N/A         6

Dungeon Overview and Level Annotations

Branches:
Dungeon (12/15)            Temple (1/1) D:7            Lair (3/6) D:10
    Orc (0/2) D:10         Bailey (visited)
  Swamp: Lair:2-4    Shoals: Lair:2-4     Snake: Lair:2-4    Spider: Lair:2-4

Altars:
Ashenzari
Cheibriados
Dithmenos
Elyvilon
Fedhas
Gozag
Hepliaklqana
Kikubaaqudgha
Makhleb
Nemelex Xobeh
Okawaru
Qazlal
Ru
Sif Muna
Trog
Uskayaw
Vehumet
Wu Jian
Xom
Yredelemnul
Zin
The Shining One

Shops:
D:2 :   D:4 =   D:8 (   D:11 =

Annotations:
D:4 exclusion: statue
D:7 2 transporters, brob1's ghost, novice MiBe
D:12 Rupert


Innate Abilities, Weirdness & Mutations

You have a pair of horns on your head.
You reflexively headbutt those who attack you in melee.


Message History

Rupert misses you.
You closely miss Rupert. Your headbutt misses Rupert.
Rupert is moderately wounded.
Rupert closely misses you.
You hit Rupert.
Rupert is moderately wounded.
Rupert hits you with a +2 great sword of freezing!!
Rupert freezes you.
You slash Rupert!
Rupert is moderately wounded.
Rupert hits you but does no damage.
You slice Rupert!!
Rupert is moderately wounded.
Rupert hits you with a +2 great sword of freezing.
Rupert freezes you.
You completely miss Rupert.
Rupert is moderately wounded.
Rupert hits you but does no damage.
Rupert hits you with a +2 great sword of freezing!!
Rupert freezes you.
You slash Rupert!
Rupert is heavily wounded.
Rupert hits you with a +2 great sword of freezing!
Rupert freezes you.
You barely miss Rupert.
Rupert is heavily wounded.
Rupert hits you with a +2 great sword of freezing!!
* * * LOW HITPOINT WARNING * * *
Rupert freezes you!
* * * LOW HITPOINT WARNING * * *
You slash Rupert!
Rupert is heavily wounded.
Rupert hits you with a +2 great sword of freezing.
* * * LOW HITPOINT WARNING * * *
Rupert freezes you.
* * * LOW HITPOINT WARNING * * *
You slice Rupert!!
Rupert is severely wounded.
Rupert hits you with a +2 great sword of freezing!
You die...

.. #. #. #. #. ########.
. .........
....###################.
......@@(...............
..>.####################
.


You could see Rupert (berserk).

Vanquished Creatures
  Gastronok (D:8)
  Harold (D:7)
  4 hydras
  A boulder beetle (D:11)
  Erica (D:9)
  A catoblepas (Lair:2)
  A two-headed ogre (D:9)
  A swamp dragon (Lair:1)
  An orc knight (Bailey)
  2 cyclopes
  An oklob plant (D:10)
  A manticore (D:11)
  4 elephants (Lair:3)
  2 black mambas
  A cane toad (Lair:1)
  An unseen horror (D:11)
  2 rime drakes
  A kobold demonologist (D:11)
  Maggie (D:6)
  3 komodo dragons
  3 trolls
  Grinder (D:3)
  A slime creature (D:7)
  16 blink frogs
  A shadow (D:11)
  A wraith (D:10)
  20 yaks
  2 wyverns
  A basilisk (Lair:3)
  3 wargs (D:10)
  3 acid dragons
  Edmund (D:6)
  7 water moccasins
  10 orc warriors
  6 black bears
  An ice beast (D:6)
  A necrophage (D:6)
  3 sky beasts
  An ogre (D:3)
  6 wolves (Lair:3)
  3 centaurs
  A kobold brigand (D:5)
  A gnoll sergeant (D:7)
  7 bullfrogs
  A water moccasin skeleton (D:5)
  8 wights
  3 electric eels (Lair:3)
  3 howler monkeys
  A bullfrog zombie (D:5)
  3 centaur zombies
  3 hounds
  5 jellies
  2 bullfrog skeletons
  A centaur skeleton (D:6)
  4 orc priests
  A gnoll shaman (D:8)
  Jessica (D:2)
  Ijyb (D:4)
  Terence (D:3)
  4 iguanas
  7 orc wizards
  A killer bee zombie (D:6)
  A howler monkey zombie (D:9)
  A howler monkey skeleton (D:6)
  4 adders
  12 gnolls
  3 shadow imps
  3 white imps
  An ufetubus (D:5)
  An adder zombie (D:5)
  A worm (D:2)
  A dart slug (D:2)
  30 orcs
  11 endoplasms
  5 giant cockroaches
  14 goblins
  5 hobgoblins
  10 jackals
  5 quokkas
  3 ball pythons
  3 bats
  6 frilled lizards
  18 kobolds
  3 rats (D:2)
322 creatures vanquished.

Vanquished Creatures (others)
  4 fungi
  14 plants
18 creatures vanquished.

Grand Total: 340 creatures vanquished

Notes
Turn   | Place    | Note
-------+----------+-------------------------------------------
     0 | D:1      | Peloso the Minotaur Fighter began the quest for the Orb.
     0 | D:1      | Reached XP level 1. HP: 19/19 MP: 0/0
   179 | D:1      | Found a faded altar of an unknown god.
   297 | D:1      | Reached XP level 2. HP: 26/27 MP: 1/1
   640 | D:1      | Reached skill level 3 in Long Blades
   763 | D:1      | Reached XP level 3. HP: 32/32 MP: 2/2
  1047 | D:2      | Found Muodghiw's Book Boutique.
  1158 | D:2      | Reached XP level 4. HP: 40/40 MP: 3/3
  1188 | D:2      | Reached skill level 4 in Long Blades
  1411 | D:3      | Noticed Jessica
  1484 | D:2      | Reached XP level 5. HP: 34/46 MP: 4/4
  1582 | D:2      | Killed Jessica
  1694 | D:3      | Noticed Terence
  1719 | D:3      | Killed Terence
  1720 | D:3      | Reached skill level 5 in Long Blades
  1739 | D:3      | Noticed an ogre
  1767 | D:3      | Killed an ogre
  1768 | D:3      | Reached XP level 6. HP: 6/55 MP: 5/5
  2190 | D:3      | Found a burning altar of Makhleb.
  2334 | D:3      | Noticed Grinder
  2334 | D:3      | Paralysed by Grinder for 7 turns
  2367 | D:3      | Killed Grinder
  2368 | D:3      | Reached skill level 5 in Fighting
  2368 | D:3      | Reached skill level 6 in Long Blades
  2368 | D:3      | Reached skill level 5 in Armour
  2368 | D:3      | Reached skill level 1 in Dodging
  2368 | D:3      | Reached skill level 5 in Shields
  2368 | D:3      | Reached XP level 7. HP: 57/61 MP: 6/6
  2701 | D:4      | Found a shadowy altar of Dithmenos.
  2712 | D:4      | Reached skill level 1 in Stealth
  2756 | D:4      | Found Ruog's Jewellery Emporium.
  2767 | D:4      | Noticed Ijyb
  2789 | D:4      | Killed Ijyb
  3109 | D:4      | Found a hazy altar of Hepliaklqana.
  3213 | D:4      | Found a bloodstained altar of Trog.
  3261 | D:4      | Found a radiant altar of Vehumet.
  3299 | D:5      | Entered Level 5 of the Dungeon
  3372 | D:5      | Reached skill level 7 in Long Blades
  3777 | D:5      | Reached XP level 8. HP: 34/70 MP: 7/7
  3890 | D:5      | Reached skill level 8 in Long Blades
  3919 | D:5      | Identified the +2 chain mail of Midwinter {Dex+3}
  4186 | D:6      | Noticed Maggie
  4194 | D:6      | Killed Maggie
  4225 | D:6      | Noticed Edmund
  4242 | D:6      | Killed Edmund
  4243 | D:6      | Reached skill level 9 in Long Blades
  4304 | D:6      | Reached XP level 9. HP: 21/77 MP: 8/8
  4382 | D:6      | Identified the +0 robe "Maikih" {rElec rF++}
  4589 | D:6      | Reached skill level 1 in Evocations
  4769 | D:7      | Noticed Harold
  4777 | D:7      | Killed Harold
  4778 | D:7      | Reached skill level 10 in Long Blades
  4857 | D:7      | Noticed brob1's ghost (novice MiBe)
  4867 | D:7      | Found a transporter.
  4869 | D:7      | Noticed a moth of wrath
  4887 | D:7      | Found a transporter.
  5038 | D:7      | Found a staircase to the Ecumenical Temple.
  5044 | D:7      | Noticed a troll
  5063 | D:7      | Killed a troll
  5070 | Temple   | Entered the Ecumenical Temple
  5105 | Temple   | Became a worshipper of Warmaster Okawaru
  5196 | D:7      | Reached skill level 11 in Long Blades
  5340 | D:7      | Reached * piety under Okawaru
  5341 | D:7      | Reached XP level 10. HP: 81/85 MP: 9/9
  5378 | Temple   | Reached skill level 10 in Armour
  5521 | D:8      | Found Jeithrer's Antique Weapon Shop.
  5535 | D:8      | Identified the +9 plate armour of the Leaf {Str+2}
  5537 | D:8      | Noticed Gastronok
  5950 | D:8      | Killed Gastronok
  5950 | D:8      | Reached ** piety under Okawaru
  5951 | D:8      | Reached skill level 12 in Long Blades
  5996 | D:8      | Bought a runed long sword for 130 gold pieces
  6423 | D:9      | Found a hide-covered altar of Uskayaw.
  6423 | D:9      | Noticed a +0 short sword
  6423 | D:9      | Noticed a +0 spear
  6424 | D:9      | Noticed a +0 dagger
  6425 | D:9      | Noticed a +0 falchion
  6425 | D:9      | Noticed a +0 short sword
  6426 | D:9      | Noticed a +0 dagger
  6426 | D:9      | Noticed a +0 spear
  6428 | D:9      | Noticed a +0 falchion
  6520 | D:9      | Noticed Erica
  6594 | D:9      | Killed Erica
  6832 | D:9      | Noticed a two-headed ogre
  6841 | D:9      | Killed a two-headed ogre
  6841 | D:9      | Reached *** piety under Okawaru
  6842 | D:9      | Reached skill level 1 in Invocations
  6842 | D:9      | Reached XP level 11. HP: 95/95 MP: 10/10
  6860 | D:9      | Found a shimmering altar of Xom.
  6860 | D:9      | Found a shimmering altar of Xom.
  6860 | D:9      | Found a shimmering altar of Xom.
  6861 | D:9      | Found a shimmering altar of Xom.
  6863 | D:9      | Found a shimmering altar of Xom.
  6864 | D:9      | Found a shimmering altar of Xom.
  7121 | D:10     | Entered Level 10 of the Dungeon
  7159 | D:10     | Reached skill level 13 in Long Blades
  7174 | D:10     | Found a staircase to the Orcish Mines.
  7191 | D:10     | Found a flagged portal.
  7218 | Bailey   | Entered a bailey
  7232 | Bailey   | Noticed an orc knight
  7261 | Bailey   | Killed an orc knight
  7675 | D:10     | Noticed an oklob plant
  7741 | D:10     | Found a staircase to the Lair.
  7866 | D:10     | Reached **** piety under Okawaru
  8261 | D:10     | Found an ancient bone altar of Kikubaaqudgha.
  8781 | D:10     | Killed an oklob plant
  8794 | Lair:1   | Entered Level 1 of the Lair of Beasts
  8827 | Lair:1   | Reached skill level 14 in Long Blades
  9100 | Lair:1   | Reached ***** piety under Okawaru
  9116 | Lair:1   | Reached skill level 10 in Fighting
  9194 | Lair:1   | Reached skill level 10 in Shields
  9199 | Lair:1   | Noticed a four-headed hydra
  9207 | Lair:1   | Killed a one-headed hydra
  9338 | Lair:1   | Reached XP level 12. HP: 90/107 MP: 11/11
  9624 | Lair:1   | Identified the +1 robe of Repulsion {Will+ rCorr Int+5}
                  | (Okawaru gifted it to you on level 1 of the Lair of Beasts)
  9624 | Lair:1   | Received a gift from Okawaru
  9745 | Lair:2   | Noticed a catoblepas
  9752 | Lair:2   | Killed a catoblepas
 10102 | Lair:2   | Noticed a five-headed hydra
 10108 | Lair:2   | Killed a two-headed hydra
 10568 | Lair:3   | Noticed a five-headed hydra
 10579 | Lair:3   | Killed a one-headed hydra
 10739 | Lair:3   | Reached skill level 15 in Long Blades
 11340 | D:11     | Identified the +0 leather armour of Ficouforch {rElec}
 11363 | D:11     | Noticed a boulder beetle
 11402 | D:11     | Killed a boulder beetle
 11402 | D:11     | Identified the +1 demon blade "Ixkeunwa" {flame, Drain
                  | Will++ MP-9 Int+9} (Okawaru gifted it to you on level 11 of
                  | the Dungeon)
 11402 | D:11     | Received a gift from Okawaru
 11600 | D:11     | Noticed an eight-headed hydra
 11609 | D:11     | Killed a five-headed hydra
 11762 | D:11     | Found Hong's Jewellery Shoppe.
 11780 | D:11     | Reached XP level 13. HP: 108/118 MP: 13/13
 12297 | D:12     | Noticed Rupert
 12317 | D:12     | Slain by Rupert

Illustrated notes

Levels and vault maps discovered:
D:1:      minmay_arrival_diagonal_passages, layout_basic,
          shapermc_ecumenical_altar_hornbeckon, chequers_serial_rivers_micro_d,
          bh_walls_and_bars
D:2:      layout_basic, serial_shops, nicolae_shop_advertising_works
          [nicolae_subvault_shop_adworks], minmay_small_reverse_x
D:3:      layout_rooms, bloody_makhleb, serial_bayou_crossing, uniq_terence,
          uniq_jessica, uniq_grinder
D:4:      layout_cave_pools, lemuel_doored_altar, mainiacjoe_overflow_brackets,
          mainiacjoe_overflow_catwalk, vehumet_statue, serial_shops, shop,
          uniq_ijyb
D:5:      layout_gridville, minmay_small_thing
D:6:      layout_rooms, uniq_edmund, uniq_maggie
D:7:      minmay_blocky_corners, layout_gridville,
          minmay_temple_entry_sparse_star, gammafunk_ghost_berserking_beasts,
          uniq_harold
D:8:      layout_gridville, serial_shops, shop, uniq_gastronok
D:9:      layout_roguey, xom_redecorated, nicolae_uskayaw_en_pointe, uniq_erica
D:10:     layout_gridville, mainiacjoe_overflow_cross_hatched,
          dpeg_oklobed_lair, david_orc_1_choice, enter_bailey_3,
          minmay_misc_feat_secret_circle
D:11:     layout_long_grid, serial_shops, nicolae_square_shop
D:12:     minmay_the_grid_triangle_9x9_rhombus_full_mashed
          [minmay_the_grid_triangle_9x9_impossible_snake,
          minmay_the_grid_triangle_9x9_zippers_horizontal,
          minmay_the_grid_triangle_9x9_odd_lines,
          minmay_the_grid_triangle_9x9_shrine,
          minmay_the_grid_triangle_9x9_minimal,
          minmay_the_grid_triangle_9x9_descending_squares,
          minmay_the_grid_triangle_9x9_semitri,
          minmay_the_grid_triangle_9x9_prize_schism], layout_rooms,
          minmay_splitting_lines, uniq_rupert
Temple:   eino_temple_water
Lair:1:   layout_misc_corridors, hibernation_bobbens, grunt_megastairs_3
Lair:2:   layout_cave_pods
Lair:3:   layout_gridlike, st_stairs_7, disabler_island

Skill      XL: |  1  2  3  4  5  6  7  8  9 10 11 12 |
---------------+-------------------------------------+-----
Fighting       | 4 5 6 7 8 10 12 | 12.1
Shields        | 4 5 6 7 8 10 11 | 11.5
Armour         | 4 5 6 7 9 11 12 13 | 13.4
Long Blades    | 3 4 5 6 7 9 11 12 14 15 | 15.7
Dodging        | 1 2 |  2.8
Stealth        | 1 2 |  2.3
Evocations     | 1 2 |  2.4
Invocations    | 1 2 |  2.2

Action                   |  1- 3 |  4- 6 |  7- 9 | 10-12 | 13-15 || total
-------------------------+-------+-------+-------+-------+-------++-------
Melee: Long sword        |    77 |   111 |   296 |   412 |    31 ||   927
       Headbutt          |     6 |    20 |    52 |   113 |     5 ||   196
       Scimitar          |       |       |       |   140 |       ||   140
Invok: Heroism           |       |       |       |    10 |     1 ||    11
Evoke: Wand              |       |       |     4 |     6 |       ||    10
  Use: Scroll            |     2 |     3 |     1 |    18 |       ||    24
       Potion            |       |       |       |     3 |       ||     3
Armor: Scale mail        |    35 |    40 |       |       |       ||    75
       Chain mail        |       |    19 |   124 |     7 |       ||   150
       Plate armour      |       |       |    24 |   326 |     9 ||   359
       Skin              |       |       |     7 |       |       ||     7
Dodge: Dodged            |    34 |    46 |    94 |   157 |     8 ||   339
Block: Buckler           |    25 |    46 |   112 |   188 |    10 ||   381
